cohdb
Replays
Latest Replays
All Replays
Popular Replays
Top Player Replays
Match Explorer
How It Works
Community
CoH3 Stats
Reddit
Sign in to upload your games and track your stats! →
Sign in with Steam
Match 43606475
Unlisted
Match 43606475
Overview
Messages
Build Orders
End
Kettenkrad Recon Vehicle
Construct Infanterie Kompanie
Selects Terror Battlegroup
Selects Machine Gun Camouflage
MG 42 Machine Gun Team
GrW 34 Mortar Team
Grenadier Squad
Construct Panzergrenadier Kompanie
Panzergrenadier Squad
Selects Contempt for the Weak
Support Elements
Construct Luftwaffe Kompanie
Nebelwerfer 42 Rocket Launcher Team
StuG III G Assault Gun
Selects Propaganda Leaflet Drop
Pioneer Squad
Jäger Squad
Pioneer Squad
251 Medium Carrier
Guderian ITA
Fajolada
LVMAC
Silvirus
0
0
Comments
sign in to comment!
No comments posted yet!